 Dungeon Crawl Stone Soup version 0.22-a0-231-g1b571ea (webtiles) character file.

1418 wolfsongas the Insei (level 8, -2/58 HPs)
             Began as a Gnoll Wanderer on Feb 21, 2018.
             Slain by chromaticdragonking's ghost (14 damage)
             ... on level 6 of the Dungeon.
             The game lasted 00:09:21 (6105 turns).

wolfsongas the Insei (Gnoll Wanderer)               Turns: 6105, Time: 00:09:21

Health: -2/58      AC: 12    Str: 21    XL:     8   Next: 71%
Magic:  0/17       EV: 13    Int: 13    God:
Gold:   220        SH:  0    Dex: 17    Spells: 19/19 levels left

rFire    . . .     SeeInvis .     - Unarmed
rCold    . . .     Gourm    .   (no shield)
rNeg     . . .     Faith    .   j - +4 ring mail
rPois    .         Spirit   +   p - +0 helmet
rElec    .         Reflect  .   f - +0 cloak
rCorr    +         Harm     .   (no gloves)
MR       .....                  (no boots)
Stlth    +++.......             s - amulet of guardian spirit
HPRegen  0.19/turn              a - ring of stealth
MPRegen  0.15/turn              e - ring of resist corrosion

@: mighty
A: distributed training, fangs 1, strong nose
a: no special abilities


You were on level 6 of the Dungeon.
You were not hungry.

You visited 1 branch of the dungeon, and saw 6 of its levels.

You collected 220 gold pieces.

Inventory:

Hand Weapons
 o - a +0 hunting sling
Missiles
 l - 19 sling bullets
Armour
 f - a +0 cloak (worn)
 j - a +4 ring mail (worn)
 p - a +0 helmet (worn)
Jewellery
 a - a ring of stealth (left hand)
 e - a ring of resist corrosion (right hand)
 s - an amulet of guardian spirit (around neck)
Scrolls
 b - 3 scrolls of blinking
 d - 3 scrolls of teleportation
 i - 3 scrolls of enchant weapon
 m - a scroll of amnesia
 n - 4 scrolls of identify
 r - 5 scrolls of remove curse
Potions
 k - a potion of cancellation
 q - a potion of flight
Comestibles
 g - 9 rations
 t - 10 chunks of flesh


   Skills:
 + Level 3.4 Fighting
 + Level 3.4 Short Blades
 + Level 3.4 Long Blades
 + Level 3.4 Axes
 + Level 3.4 Maces & Flails
 + Level 3.4 Polearms
 + Level 3.4 Staves
 + Level 3.4 Slings
 + Level 3.4 Bows
 + Level 3.4 Crossbows
 + Level 3.4 Throwing
 + Level 3.4 Armour
 + Level 3.4 Dodging
 + Level 3.4 Stealth
 + Level 5.8 Shields
 + Level 7.4 Unarmed Combat
 + Level 6.1 Spellcasting
 + Level 2.8 Conjurations
 + Level 2.8 Hexes
 + Level 2.8 Charms
 + Level 2.8 Summonings
 + Level 4.8 Necromancy
 + Level 2.8 Translocations
 + Level 2.8 Transmutations
 + Level 2.8 Fire Magic
 + Level 2.8 Ice Magic
 + Level 2.8 Air Magic
 + Level 3.6 Earth Magic
 + Level 2.8 Poison Magic
 + Level 3.8 Invocations
 + Level 3.4 Evocations


You had 19 spell levels left.
You didn't know any spells.

Dungeon Overview and Level Annotations

Branches:
Dungeon (6/15)
 Temple: D:4-7

Altars:
Dithmenos
Hepliaklqana
Makhleb
Nemelex Xobeh
Qazlal
Uskayaw
Vehumet
Wu Jian

Shops:
D:5 *

Annotations:
D:6 chromaticdragonking's ghost, novice MfGl


Innate Abilities, Weirdness & Mutations

Your experience applies equally to all skills.
You have very sharp teeth.
Your uncanny sense of smell can sniff out nearby items.


Message History

You hit chromaticdragonking's ghost but do no damage.
Chromaticdragonking's ghost is heavily damaged.
Chromaticdragonking's ghost hits you but does no damage.
You closely miss chromaticdragonking's ghost.
Chromaticdragonking's ghost is heavily damaged.
The hound bites you but does no damage. Chromaticdragonking's ghost hits you!
* * * LOW HITPOINT WARNING * * *
You hit chromaticdragonking's ghost.
Your bite misses chromaticdragonking's ghost.
Chromaticdragonking's ghost is heavily damaged.
The hound bites you but does no damage.
Chromaticdragonking's ghost closely misses you.
The hound bites you but does no damage.
You feel better. The hound bites you but does no damage.
Chromaticdragonking's ghost hits you!
* * * LOW HITPOINT WARNING * * *
You barely miss chromaticdragonking's ghost.
Chromaticdragonking's ghost is heavily damaged.
The hound barely misses you. Chromaticdragonking's ghost hits you!
You die...

∆ .........# #... .#
##.#.....# ##.##..#
#........###...#..# ###
#.#..#......._..... $.
...##.......#..#...# #.
##.. ...!<...##.#).##.##
#. .[..##.##.#.....#..)).#
#.
#.....##h#W###.#...).####.
#........@.....#####.....)
#........#....[....<....##
..##....#.###.#.###.####
#....#.###.#.# #.#
#.......##.# # #.#
#................. ..#
###..........%... .##
#.#.#..#.#..##. ## #
#...$.....#


You could see a hound and chromaticdragonking's ghost.

Vanquished Creatures
  Pikel (D:4)
  Sigmund (D:4)
  Edmund (D:4)
  An ogre (D:4)
  3 slaves (D:4)
  The ghost of Bugaboo the Skirmisher, an amateur GrBe of Trog (D:3)
  A scorpion (D:4)
  A crimson imp (D:3)
  4 orc wizards
  A hound (D:4)
  A gnoll shaman (D:6)
  An iguana (D:4)
  A worker ant (D:4)
  The ghost of kylix the Ruffian, a weakling VSMo (D:4)
  8 gnolls
  6 adders
  4 worms
  2 dart slugs
  5 leopard geckos
  8 orcs
  4 giant cockroaches
  6 goblins
  7 hobgoblins
  9 jackals
  8 kobolds
  A quokka (D:4)
  3 ball pythons
  7 bats
  A frilled lizard (D:1)
  6 rats
104 creatures vanquished.

Vanquished Creatures (others)
  A giant cockroach (D:3)
  A rat (D:4)
2 creatures vanquished.

Grand Total: 106 creatures vanquished

Notes
Turn   | Place    | Note
-------+----------+-------------------------------------------
     0 | D:1      | wolfsongas the Gnoll Wanderer began the quest for the Orb.
     0 | D:1      | wolfsongas set off with: a potion of heal wounds, a scroll of blinking, a potion of curing, a scroll of teleportation, a +0 robe, a +0 dagger, a ration
     0 | D:1      | Reached XP level 1. HP: 13/13 MP: 6/6
   320 | D:1      | Reached XP level 2. HP: 18/19 MP: 7/7
  1117 | D:2      | Reached skill level 5 in Spellcasting
  1117 | D:2      | Reached XP level 3. HP: 25/25 MP: 7/9
  1118 | D:2      | Reached skill level 1 in Invocations
  1123 | D:2      | Reached skill level 1 in Fighting
  1123 | D:2      | Reached skill level 1 in Short Blades
  1123 | D:2      | Reached skill level 1 in Long Blades
  1123 | D:2      | Reached skill level 1 in Axes
  1123 | D:2      | Reached skill level 1 in Maces & Flails
  1123 | D:2      | Reached skill level 1 in Polearms
  1123 | D:2      | Reached skill level 1 in Staves
  1123 | D:2      | Reached skill level 1 in Slings
  1123 | D:2      | Reached skill level 1 in Bows
  1123 | D:2      | Reached skill level 1 in Crossbows
  1123 | D:2      | Reached skill level 1 in Throwing
  1123 | D:2      | Reached skill level 1 in Armour
  1123 | D:2      | Reached skill level 1 in Dodging
  1123 | D:2      | Reached skill level 1 in Stealth
  1123 | D:2      | Reached skill level 1 in Evocations
  1127 | D:2      | Reached XP level 4. HP: 32/32 MP: 8/11
  1669 | D:2      | Reached skill level 1 in Conjurations
  1669 | D:2      | Reached skill level 1 in Hexes
  1669 | D:2      | Reached skill level 1 in Charms
  1669 | D:2      | Reached skill level 1 in Summonings
  1669 | D:2      | Reached skill level 1 in Translocations
  1669 | D:2      | Reached skill level 1 in Transmutations
  1669 | D:2      | Reached skill level 1 in Fire Magic
  1669 | D:2      | Reached skill level 1 in Ice Magic
  1669 | D:2      | Reached skill level 1 in Air Magic
  1669 | D:2      | Reached skill level 1 in Poison Magic
  1714 | D:2      | Found an ornate altar of the Wu Jian Council.
  1982 | D:2      | Reached XP level 5. HP: 33/37 MP: 12/12
  2408 | D:3      | Found a radiant altar of Vehumet.
  2451 | D:3      | Noticed Bugaboo's ghost (amateur GrBe)
  2485 | D:3      | Killed Bugaboo's ghost
  2485 | D:3      | Reached XP level 6. HP: 33/44 MP: 5/13
  3126 | D:3      | Reached skill level 5 in Shields
  3847 | D:4      | Noticed Edmund
  3865 | D:4      | Killed Edmund
  3904 | D:4      | Reached XP level 7. HP: 27/50 MP: 15/15
  4028 | D:4      | Found a stormy altar of Qazlal.
  4094 | D:4      | Noticed kylix's ghost (weakling VSMo)
  4108 | D:4      | Killed kylix's ghost
  4123 | D:4      | Found a sparkling altar of Nemelex Xobeh.
  4221 | D:4      | Noticed Pikel
  4241 | D:4      | Killed Pikel
  4241 | D:4      | Reached skill level 7 in Unarmed Combat
  4241 | D:4      | Reached XP level 8. HP: 22/57 MP: 16/16
  4683 | D:4      | Found a burning altar of Makhleb.
  4739 | D:4      | Noticed Sigmund
  4744 | D:4      | Found a shadowy altar of Dithmenos.
  4768 | D:4      | Killed Sigmund
  5135 | D:5      | Entered Level 5 of the Dungeon
  5186 | D:5      | Found Qomyck's General Store.
  5196 | D:5      | Noticed a dagger
  5198 | D:5      | Noticed a dagger
  5198 | D:5      | Found a hide-covered altar of Uskayaw.
  6009 | D:6      | Found a hazy altar of Hepliaklqana.
  6082 | D:6      | Noticed chromaticdragonking's ghost (novice MfGl)
  6105 | D:6      | Slain by chromaticdragonking's ghost

Vault maps used:
D:1:      minmay_arrival_nine_rooms
D:2:      overflow_temple_1_default, first_ration, serial_park_tiny_2,
          minmay_goblin_kobold_house
D:3:      fiery_altar_vehumet
D:4:      grunt_dithmenos_smoke, lemuel_crystal_altar, nemelex_altar_shiori,
          makhleb_heckhound_becter, minmay_misc_feat_tiny, uniq_pikel,
          uniq_edmund, uniq_sigmund
D:5:      dancing_weapons_uskayaw, serial_shops, shop
D:6:      old_forge, kennysheep_mini, nicolae_overflow_crystal_walls,
          uniq_menkaure, uniq_grinder

Skill      XL: |  1  2  3  4  5  6  7  8 |
---------------+-------------------------+-----
Earth Magic    | 2 3 |  3.6
Spellcasting   | 5 6 |  6.1
Invocations    | 1 2 3 |  3.8
Fighting       | 1 2 3 |  3.4
Short Blades   | 1 2 3 |  3.4
Long Blades    | 1 2 3 |  3.4
Axes           | 1 2 3 |  3.4
Maces & Flails | 1 2 3 |  3.4
Polearms       | 1 2 3 |  3.4
Staves         | 1 2 3 |  3.4
Slings         | 1 2 3 |  3.4
Bows           | 1 2 3 |  3.4
Crossbows      | 1 2 3 |  3.4
Throwing       | 1 2 3 |  3.4
Armour         | 1 2 3 |  3.4
Dodging        | 1 2 3 |  3.4
Stealth        | 1 2 3 |  3.4
Evocations     | 1 2 3 |  3.4
Conjurations   | 1 2 |  2.8
Hexes          | 1 2 |  2.8
Charms         | 1 2 |  2.8
Summonings     | 1 2 |  2.8
Translocations | 1 2 |  2.8
Transmutations | 1 2 |  2.8
Fire Magic     | 1 2 |  2.8
Ice Magic      | 1 2 |  2.8
Air Magic      | 1 2 |  2.8
Poison Magic   | 1 2 |  2.8
Necromancy     | 4 |  4.8
Shields        | 5 |  5.8
Unarmed Combat | 7 |  7.4

Action                   |  1- 3 |  4- 6 |  7- 9 || total
-------------------------+-------+-------+-------++-------
Melee: Dagger            |    17 |       |       ||    17
       Unarmed           |    51 |   267 |   172 ||   490
       Bite              |     6 |    26 |    27 ||    59
       Punch             |     1 |    10 |     4 ||    15
 Fire: Hunting sling     |       |    12 |       ||    12
  Use: Potion            |     2 |     6 |     7 ||    15
       Scroll            |     3 |     5 |     2 ||    10
 Stab: Invisible         |       |     6 |       ||     6
       Sleeping          |       |       |     1 ||     1
  Eat: Chunk             |     1 |     8 |     1 ||    10
       Ration            |       |       |     2 ||     2
Armor: Ring mail         |    22 |   141 |    58 ||   221
       Skin              |    18 |       |       ||    18
Dodge: Dodged            |    24 |   167 |   106 ||   297

Table legend:
 A = Spawn XP
 B = Non-spawn XP
 C = Spawn XP percentage of total XP
 D = Spawn monster count
 E = Non-spawn monster count
 F = Spawn count percentage of total count
 G = Total turns spent on level
                    A         B        C        D         E        F      G
               +---------+---------+-------+---------+---------+-------+---------
         Total |       0 |    2026 |   0.0 |       0 |     101 |   0.0 |  6105
               +---------+---------+-------+---------+---------+-------+---------
           D:1 |       0 |      26 |   0.0 |       0 |      15 |   0.0 |  1072
           D:2 |       0 |     141 |   0.0 |       0 |      33 |   0.0 |  1033
           D:3 |       0 |     283 |   0.0 |       0 |      27 |   0.0 |  1677
           D:4 |       0 |    1381 |   0.0 |       0 |      16 |   0.0 |  1353
           D:5 |       0 |      98 |   0.0 |       0 |       5 |   0.0 |   874
           D:6 |       0 |      97 |   0.0 |       0 |       5 |   0.0 |    96
               +---------+---------+-------+---------+---------+-------+---------
